 Dungeon Crawl Stone Soup version 0.29.1-15-g9cfb28693d (webtiles) character file.

Game seed: 7746265035723738078

31187 CatalinOSBI the Fighter (level 13, -24/187 HPs)
             Began as a Minotaur Berserker on Apr 6, 2023.
             Was a High Priest of Trog.
             Annihilated by a +3 bardiche of flaming (27 damage)
             ... on level 2 of the Elven Halls.
             The game lasted 00:52:29 (15344 turns).

CatalinOSBI the Fighter (Minotaur Berserker)       Turns: 15344, Time: 00:52:30

Health: -24/187    AC: 27    Str: 32    XL:     13   Next: 24%
Magic:  12/12      EV:  7    Int:  7    God:    Trog [*****.]
Gold:   419        SH:  7    Dex: 11    Spells: 12/12 levels left

rFire   + + +      SeeInvis .   J - +4 hand axe "Xewin" {drain, rF++}
rCold   + + .      Faith    .   K - +1 buckler {rC+}
rNeg    . . .      Spirit   .   F - +4 gold dragon scales of Pechis {rPois rF+ rC+ Regen+}
rPois   +          Reflect  .   (helmet restricted)
rElec   .          Harm     .   l - +0 cloak
rCorr   .          Rampage  .   A - +2 pair of gloves
Will    +++..                   (no boots)
Stlth   ..........              C - amulet of regeneration
HPRegen 3.01/turn               q - ring of flight
MPRegen 0.13/turn               D - ring "Tigonud" {Drain rPois Will+ Str+6 Int+3}

@: berserking, strong-willed, flying, regenerating, very quick
A: horns 2, retaliatory headbutt
a: Renounce Religion, Berserk, Trog's Hand, Brothers in Arms


You were on level 2 of the Elven Halls.
You worshipped Trog.
Trog was extremely pleased with you.
You visited 3 branches of the dungeon, and saw 14 of its levels.
You also visited: Bailey.

You collected 2850 gold pieces.
You spent 2431 gold pieces at shops.

Inventory:

Hand Weapons
 G - a +3 hand axe
 H - a +0 shortbow
 J - the +4 hand axe "Xewin" (weapon) {drain, rF++}
   (You found it on level 8 of the Dungeon)

   A truly terrible weapon, it drains the life of any living foe it strikes.
   rF:        It greatly protects you from fire.
Armour
 b - a +0 animal skin
 c - a +2 ring mail of cold resistance
 d - a +2 kite shield
 i - a +0 ring mail
 l - a +0 cloak (worn)
 m - a +0 chain mail
 n - a +0 scale mail
 A - a +2 pair of gloves (worn)
 F - the +4 gold dragon scales of Pechis (worn) {rPois rF+ rC+ Regen+}
   (You bought it in a shop on level 4 of the Dungeon)

   rF:        It protects you from fire.
   rC:        It protects you from cold.
   rPois:     It protects you from poison.
   Regen:     It increases your rate of health regeneration.
 K - a +1 buckler of cold resistance (worn)
Jewellery
 q - a ring of flight (left hand)
 r - a ring of protection from fire
 x - a ring of willpower
 y - a ring of poison resistance
 B - the ring of Niad Fach {Wiz rC- rN+ Int+4 SInv}
   (You found it on level 6 of the Dungeon)

   [ring of wizardry]

   It improves your spell success rate.
   Int:       It affects your intelligence (+4).
   rC:        It makes you vulnerable to cold.
   rN:        It protects you from negative energy.
   SInv:      It lets you see invisible.
 C - an amulet of regeneration (around neck)
 D - the ring "Tigonud" (right hand) {Drain rPois Will+ Str+6 Int+3}
   (You bought it in a shop on level 2 of the Orcish Mines)

   [ring of strength]

   Str:       It affects your strength (+6).
   Int:       It affects your intelligence (+3).
   rPois:     It protects you from poison.
   Drain:     It drains your maximum health when unequipped.
   Will:      It increases your willpower.
Wands
 s - a wand of digging (6)
 N - a wand of flame (12)
Scrolls
 e - 8 scrolls of teleportation
 j - 3 scrolls of immolation
 t - a scroll of fog
 v - a scroll of silence
Potions
 a - 2 potions of resistance
 f - 2 potions of brilliance
 g - 3 potions of attraction
 h - a potion of haste
 k - 2 potions of ambrosia
 o - 2 potions of degeneration
 p - a potion of heal wounds
 u - a potion of flight
 z - 4 potions of mutation
 I - 3 potions of curing
 L - a potion of lignification


   Skills:
 * Level 14.8 Fighting
 - Level 14.0 Axes
 - Level 11.9 Armour
 + Level 3.2 Dodging
 - Level 11.2 Shields
 - Level 4.5 Evocations


You had 12 spell levels left.
You didn't know any spells.
Your spell library was empty.

Dungeon Overview and Level Annotations

Branches:
Dungeon (10/15)            Temple (0/1) D:7             Orc (2/2) D:9
    Elf (1/3) Orc:2        Bailey (visited)
   Lair: D:8-11

Altars:
Ashenzari
Dithmenos
Elyvilon
Gozag
Kikubaaqudgha
Nemelex Xobeh
Okawaru
Ru
Sif Muna
Uskayaw
Xom
Zin
The Shining One
Lugonu

Shops:
D:1 (   D:4 [   D:6 [(=*   D:9 (   Orc:2 *!?*=(*


Innate Abilities, Weirdness & Mutations

You have a pair of horns on your head.
You reflexively headbutt those who attack you in melee.


Message History

The +2 scimitar of protection is almost destroyed.
You hit the +4 dire flail of protection but do no damage.
You barely miss the deep elf knight.
The +4 trident of protection closely misses you.
You hit the +4 dire flail of protection but do no damage.
The +4 dire flail of protection is lightly damaged.
You slash the deep elf knight!
You feel the power of Trog in you as your rage grows.
You kill the deep elf knight!
Trog accepts your kill.
Trog appreciates your killing of a magic user.
You closely miss the +2 scimitar of protection.
The +4 dire flail of protection completely misses you.
The +2 scimitar of protection hits you!
* * * LOW HITPOINT WARNING * * *
Your Dodging skill increases to level 3!
You slash the +2 scimitar of protection!
The +2 scimitar of protection falls from the air.
Trog accepts your kill.
You slash the +4 dire flail of protection!
The +3 bardiche of flaming hits you from afar!!
* * * LOW HITPOINT WARNING * * *
The +3 bardiche of flaming burns you.
* * * LOW HITPOINT WARNING * * *
The +4 dire flail of protection hits you.
* * * LOW HITPOINT WARNING * * *
The +4 trident of protection hits you from afar.
* * * LOW HITPOINT WARNING * * *
You are too berserk!
Okay, then.
You slash the +4 dire flail of protection!
The +4 dire flail of protection is severely damaged.
The +4 dire flail of protection hits you.
* * * LOW HITPOINT WARNING * * *
The +4 trident of protection hits you from afar!
* * * LOW HITPOINT WARNING * * *
You closely miss the +4 dire flail of protection.
The +4 dire flail of protection is severely damaged.
The +3 bardiche of flaming hits you from afar!!
You die...

####### #####
##.....###.....#
#..#...........#.
....#..)@(....#..
.....#(.)....#...
......#(....#....
......e#...#.....
........###......
........# ......
....... ......
......# ....


You could see a deep elf pyromancer and 3 dancing weapons.

Vanquished Creatures
  The ghost of MacCMillion the Warrior, a journeyman HOFi of Beogh (Orc:2)
  2 two-headed ogres
  A dancing weapon (Elf:2)
  An orc high priest (Bailey)
  A deep elf knight (Elf:2)
  A flayed ghost (D:8)
  5 orc knights
  2 orc sorcerers
  2 ugly things (D:9)
  A manticore (D:9)
  2 hornets (D:9)
  2 trolls
  Prince Ribbit (D:8)
  A raiju (D:9)
  A shadow (D:8)
  Sigmund (D:5)
  2 wyverns (D:9)
  A fire bat (D:8)
  6 yaks (D:9)
  6 wraiths
  A steam dragon (D:8)
  3 small abominations (D:9)
  A water moccasin (D:9)
  A black bear (D:5)
  31 orc warriors
  A sky beast (D:5)
  3 ice beasts
  3 ogres
  12 centaurs
  2 phantoms
  A kobold brigand (D:7)
  4 bullfrogs
  2 scorpions
  4 wights
  12 killer bees
  5 electric eels (Bailey)
  A hound (D:6)
  A jelly (D:5)
  Crazy Yiuf (D:6)
  A gnoll bouda (D:4)
  13 orc priests
  4 iguanas
  9 orc wizards
  6 gnolls
  12 adders
  A shadow imp (D:5)
  A white imp (D:6)
  2 ufetubi (D:6)
  A worm (D:3)
  A dart slug (D:3)
  74 orcs
  4 ball pythons
  9 endoplasms
  3 giant cockroaches
  23 goblins
  20 hobgoblins
  5 jackals
  10 kobolds
  3 quokkas
  14 bats
  3 frilled lizards
  2 rats
350 creatures vanquished.

Vanquished Creatures (others)
  An orc (Bailey)
  11 plants (D:4)
12 creatures vanquished.

Grand Total: 362 creatures vanquished

Notes
Turn   | Place    | Note
-------+----------+-------------------------------------------
     0 | D:1      | CatalinOSBI the Minotaur Berserker began the quest for the
                  | Orb.
     0 | D:1      | Reached XP level 1. HP: 19/19 MP: 0/0
   239 | D:1      | Found Lirokhear's Weapon Emporium.
   259 | D:1      | Reached XP level 2. HP: 27/27 MP: 1/1
   532 | D:1      | Found a faded altar of an unknown god.
   890 | D:2      | Reached XP level 3. HP: 13/33 MP: 2/2
  1439 | D:2      | Reached ** piety under Trog
  1705 | D:2      | Reached XP level 4. HP: 39/40 MP: 3/3
  2800 | D:3      | Reached skill level 5 in Axes
  2800 | D:3      | Reached skill level 1 in Shields
  2894 | D:3      | Reached XP level 5. HP: 47/47 MP: 4/4
  3838 | D:4      | Reached XP level 6. HP: 31/55 MP: 5/5
  3926 | D:4      | Reached skill level 5 in Fighting
  4352 | D:4      | Found Eurybarus's Dragon-Slaying Spoils.
  4533 | D:4      | Found a hide-covered altar of Uskayaw.
  4535 | D:4      | Found an iron altar of Okawaru.
  4567 | D:4      | Found a glowing silver altar of Zin.
  4625 | D:5      | Entered Level 5 of the Dungeon
  4823 | D:5      | Noticed an ice beast
  4838 | D:5      | Killed an ice beast
  4839 | D:5      | Reached XP level 7. HP: 50/61 MP: 6/6
  5014 | D:5      | Noticed a wraith
  5029 | D:5      | Killed a wraith
  5030 | D:5      | Reached skill level 5 in Armour
  5191 | D:5      | Reached skill level 5 in Shields
  5494 | D:5      | Noticed Sigmund
  5503 | D:5      | Killed Sigmund
  5504 | D:5      | Reached XP level 8. HP: 69/70 MP: 7/7
  5920 | D:6      | Found Syor's Weapon Emporium.
  6152 | D:6      | Found Balaylae's General Store.
  6213 | D:6      | Found Sesuog's Jewellery Shoppe.
  6227 | D:6      | Reached *** piety under Trog
  6264 | D:6      | Found Jotemyof's Armour Shoppe.
  6277 | D:6      | Bought a +0 pair of gloves for 54 gold pieces
  6325 | D:6      | Found an ancient bone altar of Kikubaaqudgha.
  6330 | D:6      | Identified the ring of Niad Fach {Wiz rC- rN+ Int+4 SInv}
  6517 | D:6      | Found a runed translucent door.
  6518 | D:6      | Noticed Crazy Yiuf
  6933 | D:6      | Identified the +4 falchion of Compulsion {flame, *Slow Fly
                  | rCorr}
  7127 | D:6      | Killed Crazy Yiuf
  8225 | D:7      | Found a flagged portal.
  8239 | Bailey   | Entered a bailey
  8377 | Bailey   | Noticed an orc high priest
  8380 | Bailey   | Noticed a hellwing
  8390 | Bailey   | Killed an orc high priest
  8391 | Bailey   | Reached XP level 9. HP: 79/79 MP: 8/8
  8629 | Bailey   | Found an iron altar of Okawaru.
  8629 | Bailey   | Noticed an orc sorcerer
  8640 | Bailey   | Killed an orc sorcerer
  8641 | Bailey   | Reached skill level 10 in Axes
  9272 | D:7      | Found a staircase to the Ecumenical Temple.
  9526 | D:7      | Reached XP level 10. HP: 80/88 MP: 9/9
  9610 | D:7      | Reached **** piety under Trog
 10140 | D:7      | Found a shadowy altar of Dithmenos.
 10299 | D:8      | Found a white marble altar of Elyvilon.
 10577 | D:8      | Noticed a two-headed ogre
 10586 | D:8      | Killed a two-headed ogre
 10587 | D:8      | Reached skill level 10 in Shields
 10927 | D:8      | Found a sparkling altar of Nemelex Xobeh.
 11251 | D:8      | Found a glowing golden altar of the Shining One.
 11264 | D:8      | Found a runed translucent door.
 11293 | D:8      | Found a broken altar of Ashenzari.
 11408 | D:8      | Found a sacrificial altar of Ru.
 11424 | D:8      | Found a shimmering blue altar of Sif Muna.
 11501 | D:8      | Found a broken altar of Ashenzari.
 11512 | D:8      | Found a shimmering altar of Xom.
 11612 | D:8      | Noticed Prince Ribbit
 11625 | D:8      | Killed Prince Ribbit
 11668 | D:8      | Noticed a flayed ghost
 11680 | D:8      | Killed a flayed ghost
 11724 | D:8      | Identified the +4 hand axe "Xewin" {drain, rF++}
 11819 | D:9      | Noticed a manticore
 11827 | D:9      | Killed a manticore
 11828 | D:9      | Reached XP level 11. HP: 97/97 MP: 10/10
 12143 | D:9      | Found Leulibbi's Weapon Boutique.
 12151 | D:9      | Found a staircase to the Orcish Mines.
 12394 | D:9      | Found a transporter.
 12395 | D:9      | Noticed a purple ugly thing
 12396 | D:9      | Found a transporter.
 12398 | D:9      | Found a corrupted altar of Lugonu.
 12398 | D:9      | Noticed a white ugly thing
 12411 | D:9      | Killed a purple ugly thing
 12412 | D:9      | Reached skill level 10 in Fighting
 12416 | D:9      | Killed a purple ugly thing
 13101 | D:10     | Entered Level 10 of the Dungeon
 13133 | Orc:1    | Entered Level 1 of the Orcish Mines
 13152 | Orc:2    | Entered Level 2 of the Orcish Mines
 13152 | Orc:2    | Noticed an orc knight
 13152 | Orc:2    | Found a staircase to the Elven Halls.
 13175 | Orc:1    | Killed an orc knight
 13414 | Orc:2    | Reached ***** piety under Trog
 13424 | Orc:2    | Noticed an orc sorcerer
 13473 | Orc:1    | Killed an orc sorcerer
 13553 | Orc:2    | Found Quyppiva's Antique Weapon Boutique.
 13613 | Orc:2    | Found Gaobb's Assorted Antiques.
 13705 | Orc:2    | Received a gift from Trog
 13706 | Orc:2    | Reached skill level 10 in Armour
 13715 | Orc:2    | Noticed an orc knight
 13818 | Orc:2    | Killed an orc knight
 13873 | Orc:2    | Noticed an orc knight
 13908 | Orc:2    | Killed an orc knight
 14013 | Orc:2    | Reached XP level 12. HP: 101/112 MP: 11/11
 14050 | Orc:2    | Found Pabliew's Magic Scroll Boutique.
 14050 | Orc:2    | Found Xelalim's General Store.
 14050 | Orc:2    | Found Kolisizop's Jewellery Shoppe.
 14054 | Orc:2    | Found Qasisokh's Distillery.
 14071 | Orc:2    | Acquired 591 gold pieces
 14079 | Orc:2    | Acquired 814 gold pieces
 14085 | Orc:2    | Bought the ring "Tigonud" {Drain rPois Will+ Str+6 Int+3}
                  | for 909 gold pieces
 14277 | D:4      | Bought the +4 gold dragon scales of Pechis {rPois rF+ rC+
                  | Regen+} for 1468 gold pieces
 14429 | Orc:2    | Reached XP level 13. HP: 122/122 MP: 12/12
 14615 | Orc:2    | Found a runed translucent gate.
 14615 | Orc:2    | Found a runed translucent gate.
 14616 | Orc:2    | Found a runed translucent gate.
 14616 | Orc:2    | Found an opulent altar of Gozag.
 14617 | Orc:2    | Noticed MacCMillion's ghost (journeyman HOFi)
 14618 | Orc:2    | Found Usomakhy's Assorted Antiques.
 14670 | Orc:2    | Killed MacCMillion's ghost
 15322 | Elf:1    | Entered Level 1 of the Elven Halls
 15324 | Elf:1    | You are sucked into a shaft and drop 1 floor!
 15343 | Elf:2    | HP: 2/187 [+4 trident of protection (17)]
 15344 | Elf:2    | Annihilated by a +3 bardiche of flaming

Illustrated notes

Levels and vault maps discovered:
D:1:      wander_arrival_estate, layout_loops_ring, serial_shops,
          nicolae_shop_advertising_works [nicolae_subvault_shop_adworks],
          shapermc_ecumenical_altar_notcrosses, serial_glass, glass_columns_a,
          glass_columns_c
D:2:      layout_basic
D:3:      layout_basic, st_stairs_9, minmay_misc_feat_secret_circle
D:4:      layout_cave_pools, zin_treasury, minitemple,
          nicolae_shop_dragon_depot, nicolae_grassy_gnolls
D:5:      nicolae_BIG_FREAKIN_CUBE, layout_loops_ring, uniq_sigmund
D:6:      minmay_spotlight, layout_loops_ring, mainiacjoe_overflow_brackets,
          serial_shops, nicolae_inconvenience_store, shop,
          nicolae_shop_bloodbath_and_beyond, shop, dreamdust_wishing_well,
          uniq_crazy_yiuf_cottage
D:7:      layout_loops_cross, grunt_dithmenos_shadows,
          minmay_temple_entry_glass, enter_bailey_4
D:8:      due_megacathedral, layout_cave_pools, nemelex_spade_bored_becter,
          elyvilon_altar_4, grunt_ministairs_1, uniq_prince_ribbit1
D:9:      gammafunk_corrupted_shrine, layout_loops_cross, orc_david_3,
          kennysheep_diamond, chequers_arboretum
D:10:     layout_basic, kennysheep_generic_room_8
Orc:1:    layout_diamond_mine
Orc:2:    st_orc_rangers, layout_diamond_mine, ebering_ghost_gozag,
          serial_shops, shop_fountains, shop, abandoned_shop,
          lemuel_statue_altar
Elf:1:    minmay_elf_arrival_plus, layout_gridlike, special_room
          [special_room_orc], kennysheep_underground_church, grunt_ministairs_7,
          st_stairs_11
Elf:2:    nicolae_elf_blades_splatter_lattice
          [nicolae_blade_entry_splitting_headache], layout_geoelf_diagonals

Skill      XL: |  1  2  3  4  5  6  7  8  9 10 11 12 13 |
---------------+----------------------------------------+-----
Axes           | 4 5 6 7 9 10 12 14 | 14.0
Fighting       | 4 5 6 7 8 9 12 13 14 | 14.8
Armour         | 3 4 5 6 7 8 10 11 | 11.9
Shields        | 1 2 4 5 7 9 11 | 11.2
Evocations     | 4 |  4.5
Dodging        | 3 |  3.2

Action                   |  1- 3 |  4- 6 |  7- 9 | 10-12 | 13-15 || total
-------------------------+-------+-------+-------+-------+-------++-------
Melee: Hand axe          |    72 |   196 |    63 |   459 |    98 ||   888
       Headbutt          |     6 |    30 |    45 |    92 |    19 ||   192
       War axe           |       |       |   198 |       |       ||   198
Invok: Berserk           |       |     2 |     5 |     6 |     1 ||    14
       Trog's Hand       |       |     2 |     3 |     2 |     1 ||     8
Evoke: Wand              |       |       |       |     3 |     1 ||     4
  Use: Potion            |     3 |     4 |     3 |     2 |       ||    12
       Scroll            |     2 |     3 |     9 |     6 |     1 ||    21
 Stab: Distracted        |       |       |       |       |     1 ||     1
Armor: Animal skin       |     3 |       |       |       |       ||     3
       Ring mail         |    18 |     3 |    15 |   173 |       ||   209
       Scale mail        |       |    29 |       |       |       ||    29
       Chain mail        |       |    43 |    79 |       |       ||   122
       Skin              |       |       |       |     5 |       ||     5
       Gold dragon scale |       |       |       |       |    41 ||    41
Dodge: Dodged            |    41 |    70 |    62 |   214 |    30 ||   417
Block: Kite shield       |       |    76 |   138 |   133 |       ||   347
       Buckler           |       |       |       |   123 |    29 ||   152
